 Dungeon Crawl Stone Soup version 0.31-a0-150-g89dc3ad700 (webtiles) character file.

Game seed: 4890886384600084966

3703 qw the Skirmisher (level 9, -4/81 HPs)
             Began as a Minotaur Hunter on June 8, 2023.
             Killed from afar by a deep elf pyromancer (7 damage)
             ... with a sticky flame
             ... on level 8 of the Dungeon.
             The game lasted 00:02:29 (7273 turns).

qw the Skirmisher (Minotaur Hunter)                 Turns: 7273, Time: 00:02:30

Health: -4/81      AC: 10    Str: 16    XL:     9   Next: 91%
Magic:  8/8        EV: 22    Int:  6    God:
Gold:   25         SH:  0    Dex: 24    Spells: 8/8 levels left

rFire   . . .        Y - +5 arbalest (elec)
rCold   . . .        (shield currently unavailable)
rNeg    . . .        g - +0 acid dragon scales
rPois   .            (helmet restricted)
rElec   .            n - +0 cloak
rCorr   +            h - +0 pair of gloves
SInv    .            m - +0 pair of boots
Will    .....        k - amulet of the acrobat
Stlth   +            r - +6 ring of dexterity
HPRegen 0.33/turn    o - +5 ring of evasion
MPRegen 0.11/turn

%: acrobat
@: on fire, about to teleport, glowing
A: horns 2, retaliatory headbutt
a: no special abilities


You were on level 8 of the Dungeon.
You visited 2 branches of the dungeon, and saw 9 of its levels.

You collected 493 gold pieces.
You spent 468 gold pieces at shops.


Innate Abilities, Weirdness & Mutations

You have a pair of horns on your head.
You reflexively headbutt those who attack you in melee.


   Skills:
 - Level 8.1 Fighting
 - Level 12.1 Ranged Weapons
 + Level 4.6 Armour
 - Level 7.0 Dodging
 - Level 0.7 Stealth


You had 8 spell levels left.
You didn't know any spells.
Your spell library was empty.

Inventory:

Hand Weapons
 Y - a +5 arbalest of electrocution (weapon)
Armour
 g - +0 acid dragon scales (worn)
 h - a +0 pair of gloves (worn)
 l - +0 steam dragon scales
 m - a +0 pair of boots (worn)
 n - a +0 cloak (worn)
 u - a +1 leather armour of willpower
Jewellery
 k - an amulet of the acrobat (around neck)
 o - a +5 ring of evasion (right hand)
 r - a +6 ring of dexterity (left hand)
 s - a ring of protection from fire
Wands
 p - a wand of digging (5)
Scrolls
 a - 4 scrolls of identify
 b - a scroll of enchant armour {unknown}
 c - 3 scrolls of teleportation
 t - a scroll of fog {unknown}
Potions
 d - a potion of mutation
 e - 3 potions of heal wounds
 f - 5 potions of curing
 i - 2 potions of haste
 j - 2 potions of might
 q - a potion of cancellation {unknown}

Dungeon Overview and Level Annotations

Branches:
Dungeon (8/15)             Temple (1/1) D:5
   Lair: D:8-11

Altars:
Ashenzari
Cheibriados
Dithmenos
Elyvilon
Fedhas
Gozag
Hepliaklqana
Makhleb
Nemelex Xobeh
Qazlal
Ru
Sif Muna
Trog
Uskayaw
Vehumet
Wu Jian
Xom
Yredelemnul
Zin
The Shining One

Shops:
D:3 :   D:8 (!*

Annotations:
D:4 3 runed translucent doors, qw's ghost, amateur GrFi
D:5 1 runed translucent door, qw's ghost, novice GrFi


Message History

The four-headed hydra is lightly wounded.
The fire elemental hits something.
The fire elemental burns something!
The four-headed hydra barely misses you.
The four-headed hydra completely misses you.
The four-headed hydra bites you!
The four-headed hydra completely misses you.
The deep elf pyromancer mumbles some strange words.
The fire elemental hits something.
The fire elemental burns something!
The four-headed hydra bites you but does no damage.
The four-headed hydra misses you.
The four-headed hydra barely misses you.
The four-headed hydra bites you!
You shoot a bolt. The bolt hits the four-headed hydra.
Lightning courses through the four-headed hydra!
The four-headed hydra is moderately wounded.
The fire elemental disappears in a puff of smoke!
The fire elemental hits something.
The fire elemental burns something!
The four-headed hydra misses you.
The four-headed hydra completely misses you.
The four-headed hydra bites you! x2; The fire elemental hits something.
The fire elemental burns something!
You shoot a bolt. The bolt hits the four-headed hydra!
Lightning courses through the four-headed hydra!
The four-headed hydra is severely wounded.
The four-headed hydra barely misses you.
You furiously retaliate!
You headbutt the four-headed hydra!
The four-headed hydra completely misses you.
The four-headed hydra bites you! The four-headed hydra bites you.
The deep elf pyromancer casts a spell.
The deep elf pyromancer blinks!
7273 ||| READING 4 scrolls of teleportation.
As you read the scroll of teleportation, it crumbles to dust.
You feel strangely unstable. The four-headed hydra bites you!
The four-headed hydra bites you but does no damage. x2
The four-headed hydra bites you.
The deep elf pyromancer gestures at you while chanting.
The sticky flame hits you!
You are covered in liquid flames!
You die...

##.#.###.#.#.# #...####........#
.....#####.#.#####..........##.##
.#.#..###.#.#...#.#.#.##...##..##
.#.#.#..#..#.#..####.#.#.####..#.
.#..#..##...#.#..../.....# #....
....#.%#.....#.#.#######.####....
#...#.#.#..#.#.#.# 0..P#.........
#......##.##...#.#E###.#.##......
#.....#...##.#..@DE#(+ #.###..#..
....#.##..##.#.#e#E###.#.###..#.<
.#....#.###.)#.#.# ...P#.##...#..
.#..#####..#)....#######)##...##.
......................)..##...##.
........#####............##..####
.........# #.......)..###...#
.........## #..........###...#
..........# ##...............###


You could see a four-headed hydra, a deep elf pyromancer and 3 fire elementals.

Vanquished Creatures
  A wyvern (D:8)
  A steam dragon (D:5)
  An acid dragon (D:8)
  4 water moccasins
  An orc warrior (D:6)
  2 black bears
  A sky beast (D:8)
  2 centaurs (D:8)
  A kobold brigand (D:7)
  2 phantoms
  4 bullfrogs
  5 scorpions
  12 wights
  A howler monkey (D:6)
  An orc priest (D:8)
  2 hounds (D:5)
  A gnoll bouda (D:7)
  4 jellies
  5 iguanas
  A sleepcap (D:5)
  Jessica (D:2)
  Natasha (twice) (D:2)
  5 orc wizards
  Robin (D:1)
  11 gnolls
  10 adders
  3 river rats (D:4)
  3 white imps
  An ufetubus (D:5)
  A worm (D:3)
  A dart slug (D:3)
  19 orcs
  8 bats
  6 endoplasms
  5 giant cockroaches
  15 goblins
  8 hobgoblins
  2 jackals (D:4)
  10 kobolds
  9 quokkas
  5 ball pythons
  7 frilled lizards
  4 rats
189 creatures vanquished.

Vanquished Creatures (others)
  An adder (D:3)
  An orc (D:3)
  A giant cockroach (D:3)
  A goblin (D:2)
  A frilled lizard (D:3)
  A rat (D:3)
6 creatures vanquished.

Grand Total: 195 creatures vanquished

Notes
Turn   | Place    | Note
-------+----------+-------------------------------------------
     0 | D:1      | qw the Minotaur Hunter began the quest for the Orb.
     0 | D:1      | Reached XP level 1. HP: 18/18 MP: 0/0
     0 | D:1      | 0 ||| qw: Version: 0.2-a-119-g7aa9181
     0 | D:1      | 0 ||| qw: Game counter: 2875
     0 | D:1      | 0 ||| qw: Always use a shield: true
     0 | D:1      | 0 ||| qw: God list: Okawaru
     0 | D:1      | 0 ||| qw: Allow faded altars: false
     0 | D:1      | 0 ||| qw: Do Orc after D:15 true
     0 | D:1      | 0 ||| qw: Do second Lair branch before Depths: true
     0 | D:1      | 0 ||| qw: Lair rune preference: random
     0 | D:1      | 0 ||| qw: Plans: Normal
     0 | D:1      | 0 ||| PLANNING D:1-11
   113 | D:1      | Reached XP level 2. HP: 25/25 MP: 1/1
   127 | D:1      | Reached skill level 5 in Ranged Weapons
   322 | D:1      | Reached skill level 3 in Fighting
   394 | D:1      | Found a faded altar of an unknown god.
   557 | D:1      | 557 ||| UPGRADING to amulet of the acrobat.
   562 | D:1      | 562 ||| READING 2 scrolls labelled HUUTSA WAITESS.
   563 | D:1      | 563 ||| READING scroll labelled EGHEME ZETEK.
   564 | D:1      | 564 ||| READING scroll labelled ATSEOTZ ZONEO.
   565 | D:1      | 565 ||| READING scroll labelled PIHIOTHITZ.
   568 | D:1      | 568 ||| DROPPING scroll of summoning.
   569 | D:1      | 569 ||| DROPPING scroll of butterflies.
   581 | D:2      | Noticed Robin
   585 | D:2      | 585 ||| STAIRDANCE
   591 | D:1      | Killed Robin
   592 | D:1      | Reached XP level 3. HP: 13/31 MP: 2/2
  1038 | D:2      | Noticed Natasha
  1045 | D:2      | Killed Natasha
  1046 | D:2      | Reached skill level 6 in Ranged Weapons
  1046 | D:2      | Reached XP level 4. HP: 30/38 MP: 3/3
  1134 | D:2      | Noticed Natasha
  1138 | D:2      | Killed Natasha
  1197 | D:2      | Noticed Jessica
  1203 | D:2      | Killed Jessica
  1204 | D:2      | Reached XP level 5. HP: 41/47 MP: 4/4
  1204 | D:2      | 1204 ||| FLEEEEING.
  1205 | D:2      | 1205 ||| FLEEEEING.
  1206 | D:2      | 1206 ||| FLEEEEING.
  1464 | D:2      | 1464 ||| UPGRADING to +0 pair of gloves.
  1469 | D:2      | 1469 ||| UPGRADING to +0 ring mail.
  1479 | D:2      | 1479 ||| DROPPING +0 leather armour.
  1480 | D:2      | 1480 ||| DROPPING +6 ring of intelligence.
  1481 | D:2      | 1481 ||| READING scroll labelled MEDDECA LOUDY.
  1482 | D:2      | 1482 ||| READING scroll labelled AHUMAINKATS.
  1482 | D:2      | Identified a scroll of acquirement
  1482 | D:2      | 1482 ||| ACQUIRING +2 arbalest of freezing
  1482 | D:2      | Acquired a +2 arbalest of freezing
  1484 | D:2      | 1484 ||| SWAPPING to +2 arbalest of freezing.
  1485 | D:2      | 1485 ||| DROPPING +0 shortbow.
  1486 | D:2      | 1486 ||| READING scroll labelled RAKYHE ZETE.
  1487 | D:2      | 1487 ||| READING scroll labelled GEGREX NIYK.
  1488 | D:2      | 1488 ||| DRINKING 2 cyan potions.
  1520 | D:3      | Reached skill level 1 in Armour
  1658 | D:3      | 1658 ||| READING scroll of enchant weapon.
  1658 | D:3      | 1658 ||| ENCHANTING +3 arbalest of electrocution.
  1664 | D:3      | Found a shimmering altar of Xom.
  1666 | D:3      | 1666 ||| READING 3 scrolls labelled ICESEX RATEEM.
  1667 | D:3      | 1667 ||| FLEEEEING.
  1668 | D:3      | 1668 ||| FLEEEEING.
  1670 | D:3      | 1670 ||| FLEEEEING.
  1671 | D:3      | 1671 ||| FLEEEEING.
  1672 | D:3      | 1672 ||| FLEEEEING.
  1673 | D:3      | 1673 ||| FLEEEEING.
  1674 | D:3      | 1674 ||| FLEEEEING.
  1675 | D:3      | 1675 ||| FLEEEEING.
  1676 | D:3      | 1676 ||| FLEEEEING.
  1677 | D:3      | 1677 ||| FLEEEEING.
  1678 | D:3      | 1678 ||| FLEEEEING.
  1679 | D:3      | 1679 ||| FLEEEEING.
  1680 | D:3      | 1680 ||| FLEEEEING.
  1681 | D:3      | 1681 ||| FLEEEEING.
  1682 | D:3      | 1682 ||| FLEEEEING.
  1683 | D:3      | 1683 ||| FLEEEEING.
  1684 | D:3      | 1684 ||| FLEEEEING.
  1685 | D:3      | 1685 ||| FLEEEEING.
  1686 | D:3      | 1686 ||| FLEEEEING.
  1687 | D:3      | 1687 ||| FLEEEEING.
  1688 | D:3      | 1688 ||| FLEEEEING.
  1689 | D:3      | 1689 ||| FLEEEEING.
  1690 | D:3      | 1690 ||| FLEEEEING.
  1691 | D:3      | 1691 ||| FLEEEEING.
  1692 | D:3      | 1692 ||| FLEEEEING.
  1693 | D:3      | 1693 ||| FLEEEEING.
  1694 | D:3      | 1694 ||| STAIRDANCE
  1696 | D:2      | 1696 ||| DROPPING 2 scrolls of silence.
  1734 | D:3      | 1734 ||| FLEEEEING.
  1741 | D:3      | 1741 ||| STAIRDANCE
  1785 | D:3      | Reached XP level 6. HP: 53/53 MP: 5/5
  1814 | D:3      | Found Liuworom's Book Shoppe.
  1864 | D:3      | Reached skill level 7 in Ranged Weapons
  1992 | D:3      | 1992 ||| READING scroll of enchant weapon.
  1992 | D:3      | 1992 ||| ENCHANTING +4 arbalest of electrocution.
  2003 | D:3      | 2003 ||| UPGRADING to ring of protection from cold.
  2004 | D:3      | 2004 ||| READING 2 scrolls of identify.
  2004 | D:3      | 2004 ||| IDENTIFYING fizzy dark potion
  2005 | D:3      | 2005 ||| DROPPING potion of lignification.
  2023 | D:4      | 2023 ||| PLANNING SEWER
  2057 | D:4      | Found a sacrificial altar of Ru.
  2158 | D:4      | Found a runed translucent gate.
  2158 | D:4      | Found a runed translucent gate.
  2158 | D:4      | Found an opulent altar of Gozag.
  2158 | D:4      | Found a runed translucent gate.
  2160 | D:4      | Noticed qw's ghost (amateur GrFi)
  2263 | D:4      | Found an ornate altar of the Wu Jian Council.
  2460 | D:4      | Reached skill level 8 in Ranged Weapons
  2624 | D:4      | 2624 ||| RIP SEWER
  2726 | D:4      | 2726 ||| PLANNING D:1-11
  3018 | D:4      | 3018 ||| Stepping ~*~*~tactically~*~*~ (water).
  3030 | D:4      | 3030 ||| Stepping ~*~*~tactically~*~*~ (water).
  3183 | D:4      | 3183 ||| READING 2 scrolls of identify.
  3183 | D:4      | 3183 ||| IDENTIFYING black potion
  3205 | D:5      | Entered Level 5 of the Dungeon
  3209 | D:5      | Reached XP level 7. HP: 61/61 MP: 6/6
  3275 | D:5      | Found a staircase to the Ecumenical Temple.
  3276 | D:5      | 3276 ||| PLANNING TEMPLE
  3287 | Temple   | Entered the Ecumenical Temple
  3415 | Temple   | 3415 ||| PLANNING D:1-11
  3773 | D:5      | Reached skill level 9 in Ranged Weapons
  3971 | D:5      | Reached skill level 3 in Dodging
  3980 | D:5      | Noticed a steam dragon
  4006 | D:5      | Killed a steam dragon
  4007 | D:5      | Reached skill level 6 in Fighting
  4007 | D:5      | Reached XP level 8. HP: 70/71 MP: 7/7
  4070 | D:5      | Found a runed translucent door.
  4072 | D:5      | Noticed qw's ghost (novice GrFi)
  4138 | D:5      | Identified the staff of poison "Yledaytu" {rPois Int+4}
  4567 | D:5      | 4567 ||| UPGRADING to +0 steam dragon scales.
  4572 | D:5      | 4572 ||| UPGRADING to +0 steam dragon scales.
  4582 | D:5      | 4582 ||| DROPPING +0 ring mail.
  4583 | D:5      | 4583 ||| UPGRADING to +0 cloak.
  4588 | D:5      | 4588 ||| UPGRADING to ring of positive energy.
  4589 | D:5      | 4589 ||| DRINKING 2 puce potions.
  4941 | D:6      | Reached skill level 10 in Ranged Weapons
  5226 | D:6      | Reached skill level 3 in Armour
  5706 | D:6      | 5706 ||| UPGRADING to +0 pair of boots.
  5711 | D:6      | 5711 ||| UPGRADING to +5 ring of evasion.
  5713 | D:6      | 5713 ||| UPGRADING to +6 ring of dexterity.
  5715 | D:6      | 5715 ||| UPGRADING to ring of protection from cold.
  5717 | D:6      | 5717 ||| UPGRADING to +5 ring of evasion.
  5719 | D:6      | 5719 ||| DROPPING ring of positive energy.
  5720 | D:6      | 5720 ||| DROPPING ring of protection from cold.
  5721 | D:6      | 5721 ||| READING scroll labelled LAF OCAFIUCOMA.
  5722 | D:6      | 5722 ||| READING scroll labelled CAVYCV DEFIEFU.
  5723 | D:6      | 5723 ||| READING 2 scrolls of identify.
  5723 | D:6      | 5723 ||| IDENTIFYING lumpy green potion
  5928 | D:7      | Reached XP level 9. HP: 79/79 MP: 8/8
  6256 | D:7      | Reached skill level 6 in Dodging
  6264 | D:7      | Reached skill level 11 in Ranged Weapons
  6637 | D:7      | 6637 ||| DRINKING 2 green potions.
  6638 | D:7      | 6638 ||| READING 3 scrolls of identify.
  6638 | D:7      | 6638 ||| IDENTIFYING ruby potion
  6639 | D:7      | 6639 ||| READING 2 scrolls of identify.
  6639 | D:7      | 6639 ||| IDENTIFYING smoky emerald potion
  6640 | D:7      | 6640 ||| DROPPING potion of attraction.
  6641 | D:7      | 6641 ||| DROPPING potion of brilliance.
  6642 | D:7      | 6642 ||| DROPPING potion of magic.
  6711 | D:8      | Found Ruisk's Antique Weapon Boutique.
  6794 | D:8      | Reached skill level 12 in Ranged Weapons
  6936 | D:8      | Found Mugeoq's Distillery.
  6945 | D:8      | 6945 ||| BUYING 2 potions of might (112 gold).
  6945 | D:8      | Bought 2 potions of might for 112 gold pieces
  6945 | D:8      | 6945 ||| BUYING potion of curing (42 gold).
  6945 | D:8      | Bought a potion of curing for 42 gold pieces
  6945 | D:8      | 6945 ||| BUYING potion of curing (42 gold).
  6945 | D:8      | Bought a potion of curing for 42 gold pieces
  6945 | D:8      | 6945 ||| BUYING potion of curing (42 gold).
  6945 | D:8      | Bought a potion of curing for 42 gold pieces
  6945 | D:8      | 6945 ||| BUYING potion of haste (140 gold).
  6945 | D:8      | Bought a potion of haste for 140 gold pieces
  6945 | D:8      | 6945 ||| SHOPLISTING potion of resistance (140 gold, have
                  | 84).
  7045 | D:8      | Found Zueqinke's General Store.
  7053 | D:8      | 7053 ||| BUYING potion of heal wounds (50 gold).
  7053 | D:8      | Bought a potion of heal wounds for 50 gold pieces
  7053 | D:8      | 7053 ||| BUYING scroll of identify (20 gold).
  7053 | D:8      | Bought a scroll of identify for 20 gold pieces
  7053 | D:8      | 7053 ||| BUYING scroll of identify (20 gold).
  7053 | D:8      | Bought a scroll of identify for 20 gold pieces
  7259 | D:8      | Noticed a four-headed hydra
  7259 | D:8      | Noticed a deep elf pyromancer
  7260 | D:8      | 7260 ||| UPGRADING to +0 acid dragon scales.
  7272 | D:8      | HP: 17/81 [four-headed hydra (6)]
  7273 | D:8      | 7273 ||| READING 4 scrolls of teleportation.
  7273 | D:8      | HP: 6/81 [four-headed hydra (11)]
  7273 | D:8      | Killed from afar by a deep elf pyromancer

Levels and vault maps discovered:
D:1:      zaba_arrival_water, layout_basic,
          dreamdust_ecumenical_altar_hidden_monk_grotto
D:2:      layout_loops_cross, amcnicky_mini_corridor_feature, uniq_natasha,
          uniq_robin, uniq_jessica
D:3:      layout_rooms, xom_confusion_cloud, serial_shops,
          nicolae_lakefront_shop
D:4:      layout_basic, mainiacjoe_overflow_six_doors_small, lemuel_tele_altar,
          ebering_ghost_gozag, gup_sewer_entry_spiral, chequers_mini_garden
D:5:      minmay_chambers_of_fours, layout_basic,
          minmay_temple_entry_junction_2, ebering_ghost_sewer_d
D:6:      layout_loops_corners, lightli_minifort
D:7:      layout_basic
D:8:      layout_cave_pods, serial_shops, kennysheep_mini_moat, shop, shop,
          shop, shop, minmay_shattered_shrine
Temple:   minmay_crystal_spiral_temple

Skill      XL: |  1  2  3  4  5  6  7  8  9 |
---------------+----------------------------+-----
Ranged Weapons | 5 6 8 9 10 12 | 12.1
Fighting       | 3 4 5 6 7 8 |  8.1
Armour         | 1 2 3 4 |  4.6
Dodging        | 3 5 7 |  7.0
Stealth        | |  0.7

Action                     |  1- 3 |  4- 6 |  7- 9 || total
---------------------------+-------+-------+-------++-------
   Fire: Shortbow          |   106 |    31 |       ||   137
         Arbalest          |       |    97 |   188 ||   285
    Use: Scroll            |     4 |     9 |     6 ||    19
         Potion            |       |     1 |     2 ||     3
 Armour: Leather armour    |    17 |     2 |       ||    19
         Ring mail         |       |     5 |     9 ||    14
         Steam dragon scal |       |       |     6 ||     6
         Acid dragon scale |       |       |     3 ||     3
  Dodge: Dodged            |    51 |    32 |    74 ||   157

Table legend:
 A = Non-vault XP
 B = Vault XP
 C = Vault XP percentage of total XP
 D = Non-vault monster count
 E = Vault monster count
 F = Vault count percentage of total count
                 A         B        C        D         E       F
            +---------+---------+-------+---------+---------+-------
      Total |    3810 |    1481 |  28.0 |     145 |      45 |  23.7
            +---------+---------+-------+---------+---------+-------
        D:1 |      31 |      19 |  38.0 |      18 |       3 |  14.3
        D:2 |     109 |      87 |  44.4 |      18 |      10 |  35.7
        D:3 |     149 |      17 |  10.2 |      25 |       8 |  24.2
        D:4 |     263 |      57 |  17.8 |      20 |       7 |  25.9
        D:5 |     428 |     418 |  49.4 |       9 |       6 |  40.0
        D:6 |     786 |     171 |  17.9 |      14 |       4 |  22.2
        D:7 |    1120 |       0 |   0.0 |      26 |       0 |   0.0
        D:8 |     924 |     712 |  43.5 |      15 |       7 |  31.8
            +---------+---------+-------+---------+---------+-------
